 Dungeon Crawl Stone Soup version 0.31-a0-183-g4352c244c2 (webtiles) character file.

Game seed: 9941780108707042893

81 Morbidden the Gusty (level 4, -8/35 HPs)
             Began as a Draconian Air Elementalist on June 22, 2023.
             Mangled by Pikel
             ... wielding a +2 whip of flaming
              (11 damage)
             ... on level 4 of the Dungeon.
             The game lasted 00:03:09 (3651 turns).

Morbidden the Gusty (Draconian Air Elementalist)    Turns: 3651, Time: 00:03:10

Health: -8/35      AC:  6    Str: 10    XL:     4   Next: 20%
Magic:  8/8        EV: 16    Int: 18    God:
Gold:   188        SH:  3    Dex: 11    Spells: 5/8 levels left

rFire   . . .        u - +4 dagger (venom)
rCold   . . .        t - +0 buckler
rNeg    . . .        (body armour unavailable)
rPois   .            (helmet restricted)
rElec   .            i - +0 cloak
rCorr   .            (no gloves)
SInv    .            (no boots)
Will    .....        (no amulet)
Stlth   ++           n - +5 ring of evasion
HPRegen 0.25/turn    (no ring)
MPRegen 0.11/turn

%: no passive effects
@: no status effects
A: AC +5, unfitting armour, cold-blooded
a: no special abilities


You were on level 4 of the Dungeon.
You visited 1 branch of the dungeon, and saw 4 of its levels.

You collected 188 gold pieces.

Inventory:

Hand Weapons
 a - a +3 long sword
 u - a +4 dagger of venom (weapon)
Missiles
 m - 6 curare-tipped darts
Armour
 i - a +0 cloak (worn)
 t - a +0 buckler (worn)
Jewellery
 n - a +5 ring of evasion (left hand)
Wands
 q - a wand of acid (5)
Scrolls
 b - a scroll of blinking {unknown}
 d - a scroll of vulnerability {unknown}
 f - a scroll of identify {unknown}
 h - a scroll of fog {unknown}
 j - a scroll of amnesia {unknown}
 l - a scroll of poison {unknown}
 p - a scroll of teleportation {unknown}
 r - a scroll of revelation {unknown}
 s - a scroll of noise {unknown}
Potions
 c - a potion of lignification {unknown}
 e - 2 potions of resistance {unknown}
 g - a potion of haste {unknown}
 k - a potion of magic
 o - 2 potions of might {unknown}


   Skills:
 * Level 1.0 Fighting
 * Level 0.5 Long Blades
 * Level 1.8 Dodging
 + Level 1.8 Stealth
 + Level 0.8 Unarmed Combat
 * Level 2.6 Spellcasting
 * Level 1.6 Conjurations
 * Level 3.8 Air Magic


You had 5 spell levels left.
You knew the following spells:

 Your Spells              Type           Power      Damage    Failure   Level
a - Shock                 Conj/Air       48%        1d6       9%          1
b - Static Discharge      Conj/Air       24%        2-3/arc   13%         2

Your spell library contained the following spells:

 Spells                   Type           Power      Damage    Failure   Level
 Swiftness                Air            16%        N/A       16%         3
 Airstrike                Air            8%         2d(2-18)  45%         4


Dungeon Overview and Level Annotations

Branches:
Dungeon (4/15)
 Temple: D:4-7

Altars:

Annotations:
D:4 Pikel


Innate Abilities, Weirdness & Mutations

Your plain brown scales are hard. (AC +5)
You cannot fit into any form of body armour.
You are cold-blooded and may be slowed by cold attacks.


Message History

Unknown command.
Unknown command.
You hit Pikel. You tail-slap Pikel.
Pikel is heavily wounded.
Pikel hits you with a +2 whip of flaming.
Pikel burns you.
Unknown command.
Unknown command.
You are now empty-handed.
Pikel hits you with a +2 whip of flaming.
Pikel burns you.
Unknown command.
Okay, then.
Okay, then.
Your +4 dagger of venom begins to drip with poison!
u - a +4 dagger of venom (weapon)
Unknown command.
You closely miss Pikel.
Pikel is heavily wounded.
Pikel hits you with a +2 whip of flaming!
Pikel burns you.
* * * LOW HITPOINT WARNING * * *
Unknown command.
You barely miss Pikel. You tail-slap Pikel.
Pikel is heavily wounded.
Pikel hits you with a +2 whip of flaming.
* * * LOW HITPOINT WARNING * * *
Pikel burns you.
* * * LOW HITPOINT WARNING * * *
Unknown command.
Unknown command.
Unknown command.
Aiming: Corrosive Bolt
Press: ? - help, Shift-Dir - straight line, f - Pikel
Aim: Pikel, wielding a +2 whip of flaming and wearing a +0 robe (heavily wounded, covered in acid, 64% to hit)
The bolt of acid misses Pikel.
The bolt of acid hits the lemure!!
The lemure seems to be corroded for longer.
The lemure is almost dead.
Pikel hits you with a +2 whip of flaming!
You die...

#.5........# #.........#
####.##.....# #.........#
......'.....# #....)....#
....[##5....###### #.........#
.....##.K...#....# #.........#
.....##.....#.##.#.####.........#
.....##.....#.##5#..............#
.....##.....'.##K####....###.####
.....##.....####@# #....# #.#
.....######## #.# #....# #.####
.....# #.# #....# #.#... ####.#
#....# #.#.#. #....#
#....###.#... ########.####
#......#.###. .........#
#....#.#..... .#######.#
#....#.###### #.#.......#
######.######


You could see Pikel (corroded) and a lemure (corroded).

Vanquished Creatures
  A lemure (D:4)
  An adder (D:3)
  A worm (D:2)
  A dart slug (D:4)
  6 bats
  4 endoplasms
  5 giant cockroaches
  9 goblins
  6 hobgoblins
  2 jackals (D:2)
  2 quokkas
  8 ball pythons
  5 frilled lizards
  6 kobolds
  4 rats
61 creatures vanquished.

Notes
Turn   | Place    | Note
-------+----------+-------------------------------------------
     0 | D:1      | Morbidden the Draconian Air Elementalist began the quest
                  | for the Orb.
     0 | D:1      | Reached XP level 1. HP: 14/14 MP: 3/3
   234 | D:1      | Reached XP level 2. HP: 20/20 MP: 0/5
   292 | D:1      | Learned a level 2 spell: Static Discharge
   760 | D:1      | Found a faded altar of an unknown god.
  1589 | D:2      | Reached XP level 3. HP: 27/27 MP: 2/6
  2813 | D:3      | Reached skill level 1 in Fighting
  3191 | D:3      | Reached XP level 4. HP: 34/35 MP: 1/8
  3609 | D:4      | Noticed a lemure
  3610 | D:4      | Noticed Pikel
  3611 | D:4      | Noticed a lemure
  3645 | D:4      | Killed a lemure
  3651 | D:4      | Mangled by Pikel

Illustrated notes

Levels and vault maps discovered:
D:1:      kennysheep_arrival_seaside, layout_loops_ring,
          hellmonk_ecumenical_altar_slurped_away
D:2:      layout_loops_cross
D:3:      layout_rooms, wander_ebering_terrifying_dragon_lair
D:4:      layout_basic, chequers_temple_overflow_statue_of_worship,
          mainiacjoe_overflow_catwalk_spiral,
          minmay_temple_entry_statues_fountains, uniq_pikel, uniq_sigmund

Skill      XL: |  1  2  3 |
---------------+----------+-----
Fighting       | 1 |  1.0
Long Blades    | |  0.5
Dodging        | |  1.8
Stealth        | |  1.8
Unarmed Combat | |  0.8
Spellcasting   | |  2.6
Conjurations   | |  1.6
Air Magic      | |  3.8

Action                     |  1- 3 |  4- 6 || total
---------------------------+-------+-------++-------
  Melee: Unarmed           |    30 |       ||    30
         Tailslap          |     4 |     2 ||     6
         Long sword        |    17 |     3 ||    20
         Dagger            |       |     2 ||     2
   Cast: Shock             |   110 |     8 ||   118
  Evoke: Wand              |       |     3 ||     3
 Armour: Skin              |    26 |       ||    26
  Dodge: Dodged            |    44 |     3 ||    47

Table legend: (Time is in decaauts)
 A = Elapsed time spent in this place.
 B = Non-inter-level travel time spent in this place.
 C = Inter-level travel time spent in this place.
 D = Time resting spent in this place.
 E = Time spent auto-exploring this place.
 F = Levels seen in this place.
 G = Mean time per level.
                   A        B        C        D        E       F      G
               +--------+--------+--------+--------+--------+-----+--------+
         Total |   3657 |   3432 |    225 |    336 |   2666 |   4 |  914.2 |
       Dungeon |   3657 |   3432 |    225 |    336 |   2666 |   4 |  914.2 |
               +--------+--------+--------+--------+--------+-----+--------+

Top non-repeatable levels by time:
     D:1: 1455 daAuts
     D:2: 1127 daAuts
     D:3: 813 daAuts
     D:4: 261 daAuts
